 Dungeon Crawl Stone Soup version 0.27.1-3-gb3d3a73c9e (webtiles) character file.

Game seed: 9530408722727382498

7224 Crownlay the Thaumaturge (level 10, -17/69 HPs)
             Began as a Black Draconian Conjurer on Oct 24, 2021.
             Was a Believer of Vehumet.
             Hit by a large rock thrown by a cyclops (29 damage)
             ... on level 9 of the Dungeon on Oct 26, 2021.
             The game lasted 00:22:22 (12380 turns).

Crownlay the Thaumaturge (DrCj)                    Turns: 12380, Time: 00:22:23

Health: -17/69     AC: 14    Str:  9    XL:     10   Next: 88%
Magic:  10/26      EV: 12    Int: 23    God:    Vehumet [**....]
Gold:   506        SH:  0    Dex:  9    Spells: 26/33 levels left

rFire    . . .     SeeInvis +   I - +1 scimitar (flame)
rCold    . . .     Faith    .   (no shield)
rNeg     . . .     Spirit   .   (armour unavailable)
rPois    .         Reflect  .   l - +1 hat
rElec    +         Harm     .   z - +0 cloak
rCorr    .         Rampage  .   (no gloves)
Will     .....                  C - +0 pair of boots
Stlth    ++........             (no amulet)
HPRegen  0.21/turn              b - +4 ring of protection
MPRegen  0.20/turn              H - ring of see invisible

@: no status effects
A: breathe lightning, AC +7, unfitting armour, electricity resistance,
cold-blooded
a: Breathe Lightning, Renounce Religion


You were on level 9 of the Dungeon.
You worshipped Vehumet.
Vehumet was pleased with you.
You visited 2 branches of the dungeon, and saw 10 of its levels.

You collected 506 gold pieces.

Inventory:

Hand Weapons
 I - a +1 scimitar of flaming (weapon)
Missiles
 n - 35 poisoned darts
 D - 4 throwing nets
Armour
 l - a +1 hat (worn)
 z - a +0 cloak (worn)
 C - a +0 pair of boots (worn)
Jewellery
 b - a +4 ring of protection (left hand)
 H - a ring of see invisible (right hand)
Wands
 v - a wand of digging (10)
 B - a wand of charming (4)
Scrolls
 d - 3 scrolls of identify {unknown}
 e - a scroll of teleportation {unknown}
 g - 3 scrolls of immolation
 i - a scroll of fear
 j - a scroll of brand weapon {unknown}
 k - a scroll of fog {unknown}
 m - 2 scrolls of blinking {unknown}
 u - 2 scrolls of noise {unknown}
 w - a scroll of enchant weapon {unknown}
 x - a scroll of magic mapping {unknown}
 y - a scroll of holy word {unknown}
 A - 2 scrolls of enchant armour {unknown}
 E - 2 scrolls of silence
 F - a scroll of torment {unknown}
Potions
 a - a potion of mutation {unknown}
 c - a potion of degeneration {unknown}
 h - 2 potions of curing {unknown}
 o - a potion of ambrosia {unknown}
 p - 2 potions of might {unknown}
 q - a potion of flight {unknown}
 r - a potion of haste {unknown}
 s - 2 potions of berserk rage {unknown}
 t - a potion of lignification {unknown}
 G - a potion of heal wounds {unknown}


   Skills:
 - Level 1.7 Dodging
 - Level 1.7 Stealth
 * Level 12.4 Spellcasting
 + Level 10.5 Conjurations


You had 26 spell levels left.
You knew the following spells:

 Your Spells              Type           Power      Damage    Failure   Level
a - Magic Dart            Conj           100%       1d8       1%          1
b - Searing Ray           Conj           100%       3d7       1%          2
c - Fulminant Prism       Conj/Hex       19%        3d11      4%          4

Your spell library contained the following spells:

 Spells                   Type           Power      Damage    Failure   Level
 Poisonous Vapours        Pois/Air       28%        N/A       7%          2
 Shock                    Conj/Air       100%       1d9       1%          1
 Dazzling Flash           Conj/Hex       76%        N/A       1%          3
 Beastly Appendage        Tmut           28%        N/A       4%          1
 Freeze                   Ice            56%        1d7       4%          1
 Iskenderun's Mystic Bla  Conj/Tloc      38%        2d9       4%          4
 Sublimation of Blood     Necr           7%         N/A       7%          2
 Wereblood                Tmut           14%        N/A       7%          2
 Frozen Ramparts          Ice            28%        1d4       13%         3
 Gell's Gravitas          Tloc           7%         N/A       13%         3
 Lesser Beckoning         Tloc           7%         N/A       13%         3
 Ozocubu's Armour         Ice            14%        N/A       13%         3
 Spider Form              Tmut/Pois      7%         N/A       13%         3
 Teleport Other           Tloc           14%        N/A       13%         3
 Irradiate                Conj/Tmut      19%        3d19      14%         5
 Ice Form                 Ice/Tmut       14%        N/A       41%         4
 Petrify                  Tmut/Erth      14%        N/A       41%         4
 Summon Lightning Spire   Summ/Air       14%        N/A       41%         4
 Summon Forest            Summ/Tloc      7%         N/A       77%         5
 Eringya's Noxious Bog    Tmut/Pois      7%         N/A       100%        6
 Summon Hydra             Summ           7%         N/A       100%        7
 Maxwell's Capacitive Co  Air            7%         ∞         100%        8


Dungeon Overview and Level Annotations

Branches:
Dungeon (9/15)             Temple (1/1) D:6            Lair (0/6) D:8
    Orc: D:9-12

Altars:
Ashenzari
Cheibriados
Dithmenos
Elyvilon
Fedhas
Gozag
Nemelex Xobeh
Okawaru
Ru
Trog
Vehumet
Wu Jian
Xom
Zin
The Shining One

Shops:
D:1 :


Innate Abilities, Weirdness & Mutations

You can breathe wild blasts of lightning.
Your glossy black scales are hard. (AC +7)
You cannot fit into any form of body armour.
You are resistant to electric shocks. (rElec)
You are cold-blooded and may be slowed by cold attacks.


Message History

The blast of energy engulfs the cyclops!
The cyclops is moderately wounded.
Casting: Magic Dart (safe; 1% risk of failure)
Confirm with . or Enter, or press ? or * to list all spells.
Aiming: Fulminant Prism (dangerous; 4% risk of failure)
Press: ? - help, Dir - move target, p - cyclops You conjure a prism of explosive energy!
A fulminant prism comes into view.
The cyclops throws a large rock.
The large rock hits you!!
* * * LOW HITPOINT WARNING * * *
Casting: Fulminant Prism (dangerous; 4% risk of failure)
Confirm with . or Enter, or press ? or * to list all spells.
Aiming: Fulminant Prism (dangerous; 4% risk of failure)
Press: ? - help, Dir - move target You conjure a prism of explosive energy!
A fulminant prism comes into view.
Your fulminant prism crackles loudly.
Casting: Fulminant Prism (dangerous; 4% risk of failure)
Confirm with . or Enter, or press ? or * to list all spells.
Aiming: Searing Ray (safe; 1% risk of failure)
Press: ? - help, Shift-Dir - straight line, f - cyclops
Aim: a cyclops, quivering large rocks (moderately wounded, ally target, 98% to hit)
The searing ray hits the cyclops!
The cyclops is heavily wounded. (Press . to maintain the ray.)
Your fulminant prism explodes!
The blast of energy engulfs the cyclops!!
The cyclops is almost dead.
The blast of energy engulfs your fulminant prism!!
Your fulminant prism detonates feebly.
Casting: Searing Ray (safe; 1% risk of failure)
Confirm with . or Enter, or press ? or * to list all spells.
Restarting spell: Searing Ray (safe; 1% risk of failure)
Press: ? - help, Shift-Dir - straight line, f/p - cyclops
Aim: a cyclops, quivering large rocks (almost dead, 98% to hit)
The searing ray hits the cyclops!
The cyclops is almost dead. (Press . to maintain the ray.)
The cyclops throws a large rock.
The large rock hits you!!
You die...

..............#
...............#
...............#
......C........#
...............#
...............#
...............#
........@......#
...............#
...............#
..>.....).)....#
.............†.#
...............#
.....(.........#
...............#
##############.#


You could see a cyclops.

Vanquished Creatures
  Harold (D:8)
  An oklob plant (D:5)
  Joseph (D:7)
  A kobold demonologist (D:5)
  A troll (D:8)
  2 hornets (D:7)
  Grinder (D:5)
  Sigmund (D:4)
  2 shadows
  A wyvern (D:9)
  Eustachio (D:4)
  A steam dragon (D:6)
  Edmund (D:5)
  Menkaure (D:5)
  A water moccasin (D:6)
  3 ice beasts
  A black bear (D:7)
  An ogre (D:5)
  A necrophage (D:8)
  2 sky beasts (D:7)
  4 wolves (D:8)
  A centaur (D:9)
  A phantom (D:5)
  A kobold brigand (D:9)
  3 bullfrogs
  2 gnoll sergeants
  A wyvern zombie (D:8)
  3 scorpions
  A wyvern skeleton (D:7)
  A killer bee (D:5)
  6 electric eels
  8 wights
  A howler monkey (D:6)
  A bullfrog zombie (D:5)
  3 gnoll shamans
  4 hounds
  2 orc priests
  2 centaur skeletons (D:5)
  Ijyb (D:5)
  4 iguanas
  A bullfrog skeleton (D:5)
  2 orc wizards
  A hound skeleton (D:5)
  A hound zombie (D:5)
  A howler monkey zombie (D:8)
  18 gnolls
  12 adders
  A shadow imp (D:6)
  2 ufetubi
  2 worms
  4 dart slugs
  11 orcs
  14 ball pythons
  7 endoplasms
  2 giant cockroaches
  9 hobgoblins
  6 jackals
  7 kobolds
  4 quokkas
  5 bats
  4 frilled lizards
  4 goblins
  8 rats
  A fulminant prism (D:9)
202 creatures vanquished.

Vanquished Creatures (others)
  10 fulminant prisms
  17 fungi (D:5)
  47 plants (D:5)
  26 toadstools (D:5)
  4 withered plants (D:5)
104 creatures vanquished.

Grand Total: 306 creatures vanquished

Notes
Turn   | Place    | Note
-------+----------+-------------------------------------------
     0 | D:1      | Crownlay the Draconian Conjurer began the quest for the
                  | Orb.
     0 | D:1      | Reached XP level 1. HP: 14/14 MP: 3/3
   466 | D:1      | Reached XP level 2. HP: 20/20 MP: 3/5
   693 | D:1      | Found Capau's Book Boutique.
   794 | D:1      | Found a faded altar of an unknown god.
   853 | D:1      | Learned a level 2 spell: Searing Ray
  1351 | D:2      | Reached skill level 3 in Spellcasting
  1351 | D:2      | Reached XP level 3. HP: 26/26 MP: 0/7
  2115 | D:2      | Reached XP level 4. HP: 33/33 MP: 5/9
  2681 | D:3      | Got the Grimoire of Ice
  3289 | D:3      | Reached skill level 4 in Spellcasting
  3636 | D:4      | Noticed Sigmund
  3645 | D:4      | Killed Sigmund
  3646 | D:4      | Reached skill level 5 in Conjurations
  3646 | D:4      | Reached XP level 5. HP: 38/38 MP: 2/12
  3646 | D:4      | Reached XP level 6. HP: 45/45 MP: 2/13
  3773 | D:4      | Reached skill level 5 in Spellcasting
  3858 | D:4      | Noticed Eustachio
  3903 | D:4      | Killed Eustachio
  4077 | D:4      | Found an iron altar of Okawaru.
  4085 | D:4      | Found an opulent altar of Gozag.
  4494 | D:4      | Your scales start taking on a glossy black colour.
  4494 | D:4      | Reached XP level 7. HP: 50/50 MP: 9/15
  4494 | D:4      | Gained mutation: You are resistant to electric shocks.
                  | (rElec) [Black Draconian growth]
  4876 | D:4      | Found a sacrificial altar of Ru.
  5000 | D:4      | Identified the +3 dagger "Fuufucet" {antimagic, Fly rElec
                  | rF- rN+}
  5037 | D:5      | Entered Level 5 of the Dungeon
  5044 | D:5      | Noticed a kobold demonologist
  5045 | D:5      | Reached skill level 6 in Spellcasting
  5061 | D:5      | Noticed a hellwing
  5062 | D:5      | Noticed a smoke demon
  5063 | D:5      | Killed a kobold demonologist
  5064 | D:5      | Reached skill level 7 in Spellcasting
  5184 | D:5      | Reached XP level 8. HP: 57/57 MP: 0/18
  5738 | D:5      | Noticed Ijyb
  5745 | D:5      | Killed Ijyb
  5746 | D:5      | Reached skill level 8 in Spellcasting
  5831 | D:5      | Found a blossoming altar of Fedhas.
  5906 | D:5      | Noticed an oklob plant
  6116 | D:5      | Noticed Edmund
  6134 | D:5      | Killed Edmund
  6693 | D:5      | Noticed Menkaure
  6693 | D:5      | Noticed Grinder
  6694 | D:5      | Paralysed by Grinder for 4 turns
  6701 | D:5      | Killed Grinder
  6701 | D:5      | Killed Menkaure
  6702 | D:5      | Reached skill level 9 in Spellcasting
  6702 | D:5      | Reached XP level 9. HP: 34/62 MP: 16/22
  7289 | D:5      | Killed an oklob plant
  7735 | D:6      | Found a bloodstained altar of Trog.
  7782 | D:6      | Found a staircase to the Ecumenical Temple.
  7791 | Temple   | Entered the Ecumenical Temple
  7805 | Temple   | Became a worshipper of Vehumet
  7921 | D:6      | Reached skill level 10 in Spellcasting
  8410 | D:6      | Found a snail-covered altar of Cheibriados.
  8472 | D:6      | Found a sparkling altar of Nemelex Xobeh.
  8688 | D:6      | Found a shadowy altar of Dithmenos.
  9045 | D:7      | Learned a level 4 spell: Fulminant Prism
  9221 | D:7      | Found a shimmering altar of Xom.
  9562 | D:7      | Found a glowing silver altar of Zin.
  9649 | D:7      | Noticed Joseph
  9651 | D:7      | Reached * piety under Vehumet
  9651 | D:7      | Offered knowledge of Foxfire by Vehumet.
  9661 | D:7      | Killed Joseph
  9662 | D:7      | Reached skill level 11 in Spellcasting
  9662 | D:7      | Reached XP level 10. HP: 23/69 MP: 4/25
 10683 | D:8      | Paralysed by a hornet for 2 turns
 11077 | D:8      | Noticed Harold
 11092 | D:8      | Killed Harold
 11093 | D:8      | Reached skill level 10 in Conjurations
 11365 | D:8      | Found a staircase to the Lair.
 11400 | D:8      | Reached skill level 12 in Spellcasting
 11431 | D:8      | Offered knowledge of Poisonous Vapours by Vehumet.
 11433 | D:8      | Reached ** piety under Vehumet
 11608 | D:8      | Got the Volume of the Birds
 11944 | D:8      | Found a broken altar of Ashenzari.
 12372 | D:9      | Noticed a cyclops
 12380 | D:9      | Hit by a large rock thrown by a cyclops

Illustrated notes

Levels and vault maps discovered:
D:1:      dpeg_arrival_lava_temple_mockup, layout_loops_ring, serial_shops,
          nicolae_diamond_shop, shapermc_ecumenical_altar_venn, st_stairs_9
D:2:      layout_basic
D:3:      layout_basic, grunt_decor_junction
D:4:      layout_gridville, nicolae_ru_great_annihilating_truth,
          okawaru_gym_becter, grunt_gozag_statues, minmay_snake_closets,
          uniq_sigmund, uniq_eustachio
D:5:      kennysheep_big_flooded_room, layout_loops_corners, tgw_fedhas,
          serial_undead, serial_undead_b, serial_undead_b, serial_undead_c,
          serial_undead_d, chequers_serial_rivers_room_a, uniq_ijyb,
          uniq_menkaure, uniq_grinder, uniq_edmund
D:6:      layout_basic, mainiacjoe_overflow_alcove_1, lemuel_crystal_altar,
          nicolae_dithmenos_shadow_blocks, mainiacjoe_overflow_six_doors_small,
          minmay_temple_entry_crystal_x
D:7:      layout_loops_corners, mainiacjoe_overflow_catwalk,
          mainiacjoe_overflow_paths, water_maze_lemuel, uniq_joseph
D:8:      layout_rooms, kennysheep_mini, erik_lair_island, uniq_harold
D:9:      layout_long_grid, gammafunk_temple_overflow_arena,
          minmay_stone_trees_small, nicolae_underground_beach
Temple:   dpeg_three_leaves_temple

Skill      XL: |  1  2  3  4  5  6  7  8  9 10 |
---------------+-------------------------------+-----
Spellcasting   | 3 4 5 7 9 11 12 | 12.4
Conjurations   | 5 6 7 9 10 | 10.5
Dodging        | |  1.7
Stealth        | |  1.7

Action                   |  1- 3 |  4- 6 |  7- 9 | 10-12 || total
-------------------------+-------+-------+-------+-------++-------
Melee: Unarmed           |    13 |       |       |       ||    13
       Tailslap          |     4 |     2 |    22 |       ||    28
       Spear             |   102 |    42 |   133 |       ||   277
 Cast: Magic Dart        |    57 |    73 |    61 |    31 ||   222
       Searing Ray       |     1 |     9 |    61 |    42 ||   113
       Fulminant Prism   |       |       |       |    11 ||    11
  Use: Scroll            |       |       |     2 |     2 ||     4
 Stab: Sleeping          |     1 |     1 |       |       ||     2
Armor: Skin              |    49 |    43 |    45 |    37 ||   174
Dodge: Dodged            |    82 |    57 |    69 |    51 ||   259
